 Dungeon Crawl Stone Soup version 0.20-a0-16-g0876c8e (webtiles) character file.

2280 rlgrobin the Spear-Bearer (level 9, -7/70 HPs)
             Began as a Merfolk Gladiator on Nov 3, 2016.
             Was a Follower of Uskayaw.
             Mangled by a killer bee (8 damage)
             ... on level 8 of the Dungeon.
             The game lasted 00:30:26 (8839 turns).

rlgrobin the Spear-Bearer (Merfolk Gladiator)       Turns: 8839, Time: 00:30:26

Health: -7/70      AC: 10    Str: 14    XL:     9   Next: 39%
Magic:  12/12      EV: 20    Int:  7    God:    Uskayaw [*.....]
Gold:   31         SH:  6    Dex: 19    Spells: 0 memorised, 8 levels left

rFire  + + .     SeeInvis .     a - +0 trident
rCold  . . .     Gourm    +     I - +2 leather armour {rF+}
rNeg   . . .     Faith    .     w - +0 buckler
rPois  .         Spirit   .     c - +1 helmet
rElec  .         Reflect  .     (no cloak)
rCorr  .         Harm     .     (no gloves)
MR     .....                    H - +0 pair of boots
Stlth  +++.......               e - amulet of the gourmand
                                F - ring of protection from fire
                                q - +2 ring of evasion

@: lethally poisoned (-7 -> -41)
A: change form in water, swift swim, stealthy swim, molten scales 1, agile 1,
weak 1
a: Stomp, Renounce Religion


You were on level 8 of the Dungeon.
You worshipped Uskayaw.
Uskayaw was noncommittal.
You were very full.

You visited 2 branches of the dungeon, and saw 9 of its levels.

You collected 343 gold pieces.
You spent 312 gold pieces at shops.


Innate Abilities, Weirdness & Mutations

You revert to your normal form in water.
You are very nimble and swift while swimming.
You are very stealthy in the water. (Stealth+)
You are partially covered in molten scales. (AC +2)
You are agile. (Dex +2)
You are weak. (Str -2)


   Skills:
 + Level 6.3 Fighting
 + Level 10.1 Polearms
 - Level 2.0 Throwing
 + Level 7.8 Dodging
 + Level 3.6 Stealth
 - Level 4.0 Shields
 - Level 5.0 Invocations


You had 8 spell levels left.
You didn't know any spells.

Inventory:

Hand Weapons
 a - a +0 trident (weapon)
Missiles
 d - 3 throwing nets (quivered) {=f}
Armour
 c - a +1 helmet (worn)
 w - a +0 buckler (worn)
 H - a +0 pair of boots (worn)
 I - a +2 leather armour of fire resistance (worn)
Jewellery
 e - an amulet of the gourmand (around neck)
 q - a +2 ring of evasion (left hand)
 F - a ring of protection from fire (right hand)
Wands
 z - a wand of flame (25/48)
Scrolls
 b - 2 scrolls of recharging
 i - a scroll of identify {@r1}
 j - a scroll of remove curse
 l - 4 scrolls of teleportation {@r4}
 m - a scroll of summoning
 n - 3 scrolls of enchant armour
 r - 2 scrolls of blinking
 s - 4 scrolls of amnesia
 x - a scroll of enchant weapon
 B - a scroll of vulnerability {!r}
Potions
 h - 3 potions of magic
 p - a potion of cancellation
 u - 2 potions of agility
 A - a potion of cure mutation
 C - 2 potions of flight
 E - a potion of ambrosia
Books
 t - a book of Maledictions

   Spells                             Type                      Level
   a - Corona                         Hexes                        1
   b - Ensorcelled Hibernation        Hexes/Ice                    2
   c - Confuse                        Hexes                        3
   d - Tukima's Dance                 Hexes                        3
   e - Dazzling Spray                 Conjuration/Hexes            3
 v - a book of Debilitation

   Spells                             Type                      Level
   a - Corona                         Hexes                        1
   b - Slow                           Hexes                        2
   c - Gell's Gravitas                Hexes/Translocation          3
   d - Inner Flame                    Hexes/Fire                   3
   e - Cause Fear                     Hexes                        4
   f - Leda's Liquefaction            Hexes/Earth                  4
 y - a book of Battle

   Spells                             Type                      Level
   a - Infusion                       Charms                       1
   b - Shroud of Golubria             Charms/Translocation         2
   c - Song of Slaying                Charms                       2
   d - Spectral Weapon                Hexes/Charms                 3
   e - Regeneration                   Charms/Necromancy            3
Comestibles
 f - 6 bread rations
 g - 2 chunks of flesh
 k - 10 meat rations

Dungeon Overview and Level Annotations

Branches:
Dungeon (8/15)             Temple (1/1) D:4
   Lair: D:8-11

Altars:
Ashenzari
Cheibriados
Dithmenos
Elyvilon
Fedhas
Gozag
Hepliaklqana
Kikubaaqudgha
Makhleb
Nemelex Xobeh
Qazlal
Ru
Sif Muna
Trog
Uskayaw
Vehumet
Xom
Yredelemnul
Zin
The Shining One

Shops:
D:8

[( ▒ ▒▒.▒▒.▒▒▒▒▒.▒▒▒ ▒▒
.....oymy........ .
▒▒....yyy.......▒.y▒▒▒▒▒
▒......y▒▒▒▒....▒..yyy..
▒▒▒....▒▒ ▒...?▒▒▒▒▒▒
▒..y.▒ .. .?...▒▒ ▒...▒
▒. .. ▒.▒. ▒... ▒.▒.
▒.▒. .... ▒..▒▒▒▒...
▒.......▒▒


You could see 7 killer bees and an orc (inner flame).


Message History

* * * don't die
* * * The killer bee completely misses you!
The killer bee misses you! The killer bee barely misses you!
The killer bee misses you!
You stick the killer bee like a pincushion!
The killer bee is heavily wounded!
You feel less invigorated!
You feel less confused! * * * don't die
* * * You feel sick!
The killer bee closely misses you!
The killer bee stings you but does no damage!
You block the killer bee's attack!
The killer bee stings you! * * * don't die
* * * You block the killer bee's attack!
The killer bee barely misses you!
The killer bee stings you! * * * don't die
* * * You are more poisoned!
The killer bee poisons you!!! The killer bee misses you!
The killer bee stings you! * * * don't die
* * * You are more poisoned!
The killer bee poisons you!!!
A killer bee comes into view!
Really read
G - a scroll of immolation {!!.r}?
As you read the scroll of immolation {!!.r}, it crumbles to dust!
The creatures around you are filled with an inner flame!!! * * * don't die
* * * You feel very sick!
The killer bee misses you! You block the killer bee's attack!
The killer bee stings you!!! rip

Action                   |  1- 3 |  4- 6 |  7- 9 || total
-------------------------+-------+-------+-------++-------
Melee: Trident           |   124 |   303 |   445 ||   872
       Tailslap          |       |     6 |     3 ||     9
  Use: Scroll            |       |       |    26 ||    26
       Potion            |       |       |     4 ||     4
 Stab: Sleeping          |     1 |     5 |     5 ||    11
       Distracted        |     1 |     1 |     2 ||     4
       Paralysed         |       |       |     8 ||     8
  Eat: Chunk             |    14 |     9 |    14 ||    37
Armor: Leather armour    |     8 |       |    22 ||    30
       Ring mail         |    14 |    56 |    57 ||   127
Dodge: Dodged            |    82 |   204 |   299 ||   585
Block: Buckler           |       |    13 |    92 ||   105

Vault maps used:
D:1:      lemuel_arrival_cross
D:2:      gammafunk_temple_overflow_elements, first_bread
D:3:      nicolae_overflow_hidden_temple, minmay_misc_feat_four_crosses
D:4:      gup_sewer_entry_pipe, serial_bayou_lagoon_a
D:6:      elyvilon_altar_4, uniq_menkaure
D:7:      minmay_hedge_maze
D:8:      serial_shops, shop, kennysheep_mini_moat, david_nohive_1
Temple:   nicolae_temple_elliptical

Notes
Turn   | Place    | Note
-------+----------+-------------------------------------------
     0 | D:1      | rlgrobin the Merfolk Gladiator began the quest for the Orb.
     0 | D:1      | Reached XP level 1. HP: 16/16 MP: 1/1
    34 | D:1      | Reached XP level 2. HP: 21/23 MP: 2/2
   498 | D:1      | Reached skill level 1 in Stealth
   498 | D:1      | Reached XP level 3. HP: 27/28 MP: 3/3
  1307 | D:2      | Found a shimmering altar of Xom.
  1307 | D:2      | Found a shattered altar of Ashenzari.
  1374 | D:2      | Reached skill level 3 in Fighting
  1408 | D:2      | Reached XP level 4. HP: 33/35 MP: 4/4
  1552 | D:3      | Reached skill level 5 in Polearms
  1552 | D:3      | Reached skill level 5 in Dodging
  1552 | D:3      | Reached skill level 2 in Stealth
  1856 | D:3      | Found a sacrificial altar of Ru.
  1856 | D:3      | Found a hazy altar of Hepliaklqana.
  1994 | D:3      | Reached XP level 5. HP: 41/41 MP: 5/5
  2746 | D:4      | Reached skill level 6 in Polearms
  3035 | D:4      | Found a staircase to the Ecumenical Temple.
  3048 | Temple   | Entered the Ecumenical Temple
  3173 | Temple   | Became a worshipper of Uskayaw the Reveler
  3218 | D:4      | Reached * piety under Uskayaw
  3219 | D:4      | Reached skill level 4 in Fighting
  3219 | D:4      | Reached XP level 6. HP: 40/48 MP: 6/6
  3219 | D:4      | Reached ** piety under Uskayaw
  3317 | D:4      | Reached skill level 3 in Stealth
  3320 | D:4      | Reached *** piety under Uskayaw
  3791 | D:5      | Entered Level 5 of the Dungeon
  3814 | D:5      | Reached skill level 1 in Shields
  4049 | D:5      | Reached skill level 7 in Polearms
  4229 | D:5      | Reached skill level 2 in Shields
  4248 | D:5      | Reached XP level 7. HP: 30/54 MP: 7/7
  4458 | D:5      | Reached skill level 8 in Polearms
  4459 | D:5      | Reached **** piety under Uskayaw
  4471 | D:5      | Reached skill level 3 in Shields
  4473 | D:5      | Reached ***** piety under Uskayaw
  4597 | D:5      | Reached skill level 1 in Invocations
  4653 | D:4      | HP: 4/54 [orc warrior/war axe (22)]
  5511 | D:6      | Reached skill level 2 in Invocations
  5643 | D:6      | Found a white marble altar of Elyvilon.
  5827 | D:6      | Reached skill level 4 in Shields
  5853 | D:6      | Reached XP level 8. HP: 59/61 MP: 9/9
  5916 | D:6      | Noticed Menkaure
  5946 | D:6      | Killed Menkaure
  5946 | D:6      | Reached skill level 3 in Invocations
  6526 | D:6      | Reached skill level 5 in Fighting
  6682 | D:6      | Reached skill level 6 in Dodging
  6901 | D:5      | Reached skill level 9 in Polearms
  7211 | D:7      | Reached skill level 4 in Invocations
  7613 | D:7      | Gained mutation: You are agile. (Dex +2) [potion of mutation]
  7613 | D:7      | Gained mutation: You are partially covered in molten scales. (AC +2) [potion of mutation]
  7613 | D:7      | Gained mutation: You are weak. (Str -2) [potion of mutation]
  7646 | D:7      | Reached XP level 9. HP: 52/69 MP: 12/12
  7701 | D:7      | Reached skill level 7 in Dodging
  8213 | D:7      | Reached skill level 6 in Fighting
  8440 | D:7      | You fall through a shaft!
  8444 | D:8      | Reached skill level 5 in Invocations
  8512 | D:8      | Found Peda's Antique Weapon Shoppe.
  8556 | D:8      | Reached skill level 10 in Polearms
  8714 | D:8      | Found Unwucono's Antique Armour Emporium.
  8717 | D:8      | Bought a pair of boots for 112 gold pieces
  8717 | D:8      | Bought a runed leather armour for 200 gold pieces
  8788 | D:8      | Noticed a queen bee
  8826 | D:8      | HP: 4/70 [killer bee (8)]
  8833 | D:8      | HP: 4/70 [killer bee (7)]
  8838 | D:8      | HP: 5/70 [killer bee (4)]
  8839 | D:8      | HP: 1/70 [poisoned by a killer bee]
  8839 | D:8      | Mangled by a killer bee

Vanquished Creatures
  Menkaure (D:6)
  An orc warrior (D:6)
  A sky beast (D:7)
  2 ice beasts
  A black bear (D:7)
  2 ogres (D:8)
  A phantom (D:7)
  A centaur (D:5)
  A big kobold (D:7)
  A gnoll sergeant (D:6)
  A bullfrog (D:6)
  2 scorpions (D:5)
  A killer bee (D:8)
  2 howler monkeys
  6 hounds
  3 orc priests (D:5)
  2 bullfrog zombies
  A bullfrog skeleton (D:4)
  2 jellies (D:7)
  3 iguanas
  3 worker ants
  3 orc wizards
  A hound zombie (D:5)
  2 hound skeletons
  5 gnolls
  5 adders
  2 shadow imps (D:5)
  3 oozes
  An adder zombie (D:5)
  5 worms
  3 dart slugs
  3 leopard geckos
  25 orcs
  7 bats
  11 giant cockroaches
  7 goblins
  4 hobgoblins
  8 jackals (D:3)
  11 kobolds
  3 quokkas
  2 ball pythons
  3 frilled lizards
  A giant cockroach zombie (D:5)
  A jackal skeleton (D:7)
  A quokka zombie (D:6)
  8 rats
  A plant (D:4)
164 creatures vanquished.

Vanquished Creatures (others)
  A quokka (D:6)
1 creature vanquished.

Grand Total: 165 creatures vanquished
